 Dungeon Crawl Stone Soup version 0.19-a0-1908-g43c011f (webtiles) character file.

10083 kae the Carver (level 11, -4/90 HPs)
             Began as a Formicid Fighter on Oct 22, 2016.
             Was a High Priest of Okawaru.
             Slain by a minotaur
             ... wielding a +4 rod of ignition (11/11)
              (9 damage)
             ... in a labyrinth.
             The game lasted 00:18:49 (11830 turns).

kae the Carver (Formicid Fighter)                  Turns: 11830, Time: 00:18:50

Health: -4/90      AC: 15    Str: 28    XL:     11   Next: 86%
Magic:  16/16      EV: 12    Int:  9    God:    Okawaru [*****.]
Gold:   689        SH: 19    Dex: 10    Spells: 0 memorised, 10 levels left

rFire  . . .     SeeInvis +     D - +2 scimitar (curse)
rCold  . . .     Gourm    .     b - +0 scale mail
rNeg   . . .     Faith    .     c - +0 shield
rPois  +         Spirit   .     (helmet unavailable)
rElec  .         Reflect  +     q - +1 cloak
rCorr  .         Harm     .     (no gloves)
MR     +....                    d - +1 pair of boots
Stlth  +.........               j - +5 amulet of reflection
                                k - ring of poison resistance
                                y - +3 ring of protection

@: mighty, heroism
A: permanent stasis, dig shafts and tunnels, four strong arms, antennae 3
a: Dig, Shaft Self, Heroism, Finesse, Renounce Religion


You were in a labyrinth.
You worshipped Okawaru.
Okawaru was extremely pleased with you.
You were not hungry.

You visited 3 branches of the dungeon, and saw 12 of its levels.
You also visited: Labyrinth and Sewer.

You collected 689 gold pieces.

Inventory:

Hand Weapons
 a - a +1 long sword
 p - a +0 whip of flaming
 D - a cursed +2 scimitar (weapon)
 E - a +4 long sword
Armour
 b - a +0 scale mail (worn)
 c - a +0 shield (worn)
 d - a +1 pair of boots (worn)
 q - a +1 cloak (worn)
Jewellery
 j - a +5 amulet of reflection (around neck)
 k - a ring of poison resistance (right hand)
 n - an uncursed ring of protection from magic
 y - a +3 ring of protection (left hand)
 z - an uncursed ring of resist corrosion
 J - an uncursed amulet of the gourmand
Wands
 o - a wand of random effects (48/48)
 B - a wand of lightning (9/15)
Scrolls
 e - 4 scrolls of fear
 h - 5 scrolls of identify
 i - 5 scrolls of remove curse
 l - a scroll of enchant armour
 r - a scroll of enchant weapon
 u - 2 scrolls of recharging
 I - a scroll of amnesia
Potions
 v - 2 potions of magic
 w - 2 potions of brilliance
 A - 3 potions of flight
 C - 4 potions of curing
 F - 2 potions of haste
 G - 2 potions of ambrosia
Comestibles
 f - 8 bread rations
 g - 11 fruits
 m - 2 slices of pizza
 s - 6 meat rations
 H - a beef jerky


   Skills:
 + Level 10.1(15.1) Fighting
 * Level 12.7(17.7) Long Blades
 - Level 3.2(8.2) Armour
 - Level 9.0(14.0) Shields
 + Level 6.6 Invocations


You had 10 spell levels left.
You didn't know any spells.

Dungeon Overview and Level Annotations

Branches:
Dungeon (9/15)             Temple (1/1) D:6            Lair (2/6) D:8
  Swamp: Lair:2-4    Shoals: Lair:2-4     Snake: Lair:2-4    Spider: Lair:2-4
    Orc: D:9-12

Altars:
Ashenzari
Cheibriados
Dithmenos
Elyvilon
Fedhas
Gozag
Hepliaklqana
Kikubaaqudgha
Makhleb
Nemelex Xobeh
Okawaru
Qazlal
Ru
Sif Muna
Trog
Uskayaw
Vehumet
Xom
Yredelemnul
Zin
The Shining One


Innate Abilities, Weirdness & Mutations

You are under a permanent stasis effect.
You can dig through walls and to a lower floor.
Your four strong arms can wield two-handed weapons with a shield.
You have a pair of large antennae on your head. (SInv)


Message History

The minotaur gores you but does no damage.
You feel much better.
The minotaur hits you with a rod of ignition.
You block the minotaur's attack.
The minotaur hits you with a rod of ignition!
You block the minotaur's attack.
You feel a sudden draft!
You feel very mighty all of a sudden.
The minotaur hits you with a rod of ignition!
* * * LOW HITPOINT WARNING * * *
The minotaur gores you!
* * * LOW HITPOINT WARNING * * *
The minotaur barely misses you. You block the minotaur's attack.
Okay, then.
As you read the scroll of fear, it crumbles to dust.
You assume a fearsome visage.
The minotaur resists with almost no effort.
The minotaur hits you but does no damage.
The minotaur gores you but does no damage.
The minotaur hits you with a rod of ignition!
You die...

.... . .. .
.. #..# # ##
# #..# #. ..
..# . # ..'
.... ######.#
#.# #
#......# #. #
#..#######..#
#...H@......#
###.###.###.#
...# #.# ...
##### # ## #
. #


You could see a minotaur.

Vanquished Creatures
  Pikel (D:4)
  Maurice (D:9)
  Joseph (D:9)
  The ghost of Yakui the Spear-Bearer, a novice MfGl (D:5)
  A spiny frog (Lair:1)
  A komodo dragon (Lair:1)
  A troll (D:9)
  2 two-headed ogres (D:9)
  A hippogriff (Lair:1)
  A wyvern (D:8)
  A basilisk (Lair:1)
  A hungry ghost (D:5)
  14 yaks
  2 porcupines
  A water moccasin (Lair:1)
  A black bear (D:7)
  6 ogres
  An orc warrior (D:9)
  4 sky beasts
  4 phantoms
  3 slaves (D:3)
  A necrophage (D:9)
  4 centaurs
  4 crocodiles (Lair:1)
  A big kobold (D:3)
  5 bullfrogs
  A water moccasin skeleton (D:7)
  4 scorpions
  2 jellies
  6 killer bees (D:8)
  7 wights
  3 howler monkeys
  4 crimson imps
  A centaur zombie (D:9)
  A bullfrog zombie (D:5)
  3 orc priests
  6 hounds
  2 iguanas
  Terence (D:3)
  5 orc wizards
  4 worker ants
  A howler monkey zombie (D:9)
  Robin (D:3)
  8 gnolls (D:7)
  14 adders
  2 river rats
  2 shadow imps (D:5)
  An ooze (D:3)
  An adder zombie (D:5)
  2 worms
  3 dart slugs
  4 leopard geckos
  35 orcs
  9 ball pythons
  4 giant cockroaches
  16 goblins
  7 hobgoblins
  7 jackals
  9 kobolds
  5 quokkas
  14 bats
  5 frilled lizards
  A giant cockroach zombie (D:6)
  A jackal skeleton (D:6)
  A leopard gecko skeleton (D:6)
  A leopard gecko zombie (D:5)
  23 rats
291 creatures vanquished.

Vanquished Creatures (others)
  11 fungi
  A plant (D:8)
12 creatures vanquished.

Grand Total: 303 creatures vanquished

Notes
Turn   | Place    | Note
-------+----------+-------------------------------------------
     0 | D:1      | kae the Formicid Fighter began the quest for the Orb.
     0 | D:1      | Reached XP level 1. HP: 18/18 MP: 1/1
    31 | D:1      | Reached XP level 2. HP: 24/24 MP: 2/2
   359 | D:1      | Reached XP level 3. HP: 26/29 MP: 3/3
   572 | D:2      | Reached skill level 3 in Long Blades
   703 | D:2      | Reached XP level 4. HP: 37/37 MP: 4/4
   876 | D:3      | Noticed Robin
   932 | D:3      | Killed Robin
   932 | D:3      | Reached XP level 5. HP: 31/42 MP: 5/5
   994 | D:3      | Reached skill level 4 in Long Blades
  1042 | D:3      | Found a faded altar of an unknown god.
  1392 | D:3      | Found a hide-covered altar of Uskayaw.
  1490 | D:3      | Noticed a big kobold
  1504 | D:3      | Killed a big kobold
  1504 | D:3      | Reached skill level 5 in Shields
  1504 | D:3      | Reached XP level 6. HP: 39/49 MP: 6/6
  1631 | D:3      | Noticed Terence
  1662 | D:3      | Killed Terence
  1878 | D:4      | Noticed an ogre
  1914 | D:4      | Noticed Pikel
  1916 | D:4      | Noticed a slave
  1916 | D:4      | Noticed a slave
  1917 | D:4      | Noticed an ogre
  1930 | D:4      | Noticed a slave
  1959 | D:4      | Noticed a slave
  1993 | D:3      | HP: 1/49 [slave[Pikel] (4)]
  1995 | D:3      | Killed a slave
  2335 | D:4      | Reached skill level 5 in Long Blades
  2403 | D:4      | Reached XP level 7. HP: 44/55 MP: 7/7
  2443 | D:4      | Reached skill level 5 in Fighting
  3351 | D:4      | Found a snail-covered altar of Cheibriados.
  3375 | D:4      | Killed Pikel
  3375 | D:4      | Reached skill level 6 in Long Blades
  3375 | D:4      | Reached XP level 8. HP: 23/64 MP: 8/8
  3667 | D:5      | Entered Level 5 of the Dungeon
  3739 | D:5      | Noticed Yakui's ghost (novice MfGl)
  3775 | D:5      | Killed Yakui's ghost
  3775 | D:5      | Reached skill level 7 in Long Blades
  3942 | D:5      | Found a sparkling altar of Nemelex Xobeh.
  3978 | D:5      | Found a blossoming altar of Fedhas.
  4113 | D:5      | Reached XP level 9. HP: 71/71 MP: 9/9
  4203 | D:5      | Found a glowing drain.
  4295 | Sewer    | Entered a sewer
  4455 | Sewer    | Reached skill level 8 in Long Blades
  5703 | D:6      | Reached skill level 9 in Long Blades
  5863 | D:6      | Found a staircase to the Ecumenical Temple.
  5966 | Temple   | Entered the Ecumenical Temple
  6120 | Temple   | Became a worshipper of Warmaster Okawaru
  6186 | D:6      | Reached * piety under Okawaru
  6213 | D:6      | Reached XP level 10. HP: 57/79 MP: 10/10
  6817 | D:6      | Reached skill level 1 in Invocations
  6912 | D:6      | Reached skill level 10 in Long Blades
  7548 | D:7      | Reached ** piety under Okawaru
  7943 | D:8      | Found a staircase to the Lair.
  8397 | D:8      | Reached skill level 11 in Long Blades
  9015 | D:9      | Reached *** piety under Okawaru
  9033 | D:9      | Reached XP level 11. HP: 71/89 MP: 14/14
  9166 | D:9      | Noticed Joseph
  9177 | D:9      | Noticed Maurice
  9185 | D:9      | Killed Joseph
  9191 | D:9      | Killed Maurice
  9191 | D:9      | Reached skill level 5 in Invocations
  9547 | D:9      | Found a shadowy altar of Dithmenos.
  9617 | D:9      | Reached skill level 12 in Long Blades
 10031 | Lair:1   | Entered Level 1 of the Lair of Beasts
 10075 | Lair:1   | Reached **** piety under Okawaru
 10528 | Lair:1   | Reached skill level 10 in Fighting
 10744 | Lair:1   | Reached ***** piety under Okawaru
 11555 | Lair:2   | Found a labyrinth entrance.
 11564 | Lab      | Entered a labyrinth
 11802 | Lab      | Noticed a minotaur
 11826 | Lab      | HP: 4/90 [minotaur/rod of ignition (15)]
 11830 | Lab      | Identified a +4 rod of ignition (11/11)
 11830 | Lab      | Slain by a minotaur

Vault maps used:
D:1:      dpeg_arrival_arbitrary_b, kennysheep_boxes
D:3:      marbit_many_paths, ecumenical_altar_2, uniq_robin, uniq_terence
D:4:      kennysheep_slug_shrine, uniq_pikel
D:5:      nemelex_xobeh_ov_fountains_minmay, fedhas_altar_fruit_tree,
          first_bread, gup_sewer_entry_bubbles, minivault_25,
          serial_bayou_lagoon_a
D:6:      corexii_leaking_fountain
D:8:      due_lair_maze_entry_diamond
D:9:      nicolae_dithmenos_through_a_glass_darkly, uniq_maurice, uniq_joseph
Temple:   nicolae_temple_elliptical
Lair:1:   grunt_megastairs_4
Lair:2:   elwin_shoals_entry_rooms, lab_entry_generic
Lab:      labyrinth_watery
Sewer:    sewer_co_cracked_pipes

Skill      XL: |  1  2  3  4  5  6  7  8  9 10 11 |
---------------+----------------------------------+-----
Long Blades    | 3 4 5 6 7 9 11 12 | 12.7
Shields        | 4 5 6 7 8 9 |  9.0
Fighting       | 4 5 6 7 9 10 | 10.1
Invocations    | 4 6 |  6.6
Armour         | |  3.2

Action                   |  1- 3 |  4- 6 |  7- 9 | 10-12 || total
-------------------------+-------+-------+-------+-------++-------
Melee: Long sword        |    94 |   252 |   379 |   161 ||   886
       Scimitar          |       |       |       |   452 ||   452
Invok: Heroism           |       |       |       |     2 ||     2
 Abil: Dig               |       |     5 |     5 |    11 ||    21
  Use: Potion            |       |     6 |     3 |     4 ||    13
       Scroll            |       |       |     9 |    11 ||    20
  Eat: Chunk             |       |     6 |    13 |    18 ||    37
       Pizza             |       |       |     1 |       ||     1
       Royal jelly       |       |       |       |     1 ||     1
Armor: Scale mail        |    40 |    78 |    69 |   130 ||   317
       Skin              |       |     1 |       |       ||     1
Dodge: Dodged            |    29 |    76 |    89 |   121 ||   315
Block: Shield            |    50 |   137 |   178 |   420 ||   785
       Reflection        |       |       |       |    11 ||    11
       Rpst.: Long sword |     8 |    18 |    18 |     6 ||    50
       Scimitar          |       |       |       |    24 ||    24
